 Dungeon Crawl Stone Soup version 0.30-b1-2-g02819fbbbe (webtiles) character file.

Game seed: 16583654953434078252

23991 Borgoz the Fighter (level 13, -7/84 HPs)
             Began as a Gargoyle Berserker on June 18, 2023.
             Was a Priest of Trog.
             Killed from afar by Azrael (43 damage)
             ... with damnation
             ... on level 12 of the Dungeon.
             The game lasted 00:28:14 (13453 turns).

Borgoz the Fighter (Gargoyle Berserker)            Turns: 13453, Time: 00:28:15

Health: -7/84      AC: 20    Str: 23    XL:     13   Next: 10%
Magic:  13/13      EV: 16    Int:  9    God:    Trog [***...]
Gold:   939        SH:  7    Dex: 17    Spells: 12/12 levels left

rFire   + + .        b - +2 morningstar
rCold   . . .        J - +1 buckler {reflect}
rNeg    + . .        D - +0 leather armour of the Northern Lights {rF++}
rPois   ∞            u - +0 helmet
rElec   +            K - +0 cloak
rCorr   .            h - +1 pair of gloves
SInv    .            k - +0 pair of boots
Will    ++...        f - amulet of the acrobat
Stlth   +++          e - +6 ring of dexterity
HPRegen 1.34/turn    (no ring)
MPRegen 0.13/turn

%: reflection, acrobat
@: strong-willed, on berserk cooldown, regenerating, slowed, very slow
A: sickness immunity, AC +9, negative energy resistance 1, electricity
resistance, torment resistance 1, petrification resistance
a: Renounce Religion, Berserk, Trog's Hand


You were on level 12 of the Dungeon.
You worshipped Trog.
Trog was most pleased with you.
You visited 3 branches of the dungeon, and saw 16 of its levels.

You collected 939 gold pieces.

Inventory:

Hand Weapons
 b - a +2 morningstar (weapon)
 c - a +0 dire flail of electrocution
 H - a +1 great mace of protection
Missiles
 a - 2 silver boomerangs
 g - 2 silver javelins
 x - 16 poisoned darts
 y - 2 curare-tipped darts
 I - a throwing net (quivered)
Armour
 h - a +1 pair of gloves (worn)
 k - a +0 pair of boots (worn)
 u - a +0 helmet (worn)
 w - +2 steam dragon scales
 C - a +0 troll leather armour
 D - the +0 leather armour of the Northern Lights (worn) {rF++}
   (You found it on level 11 of the Dungeon)

   rF:        It greatly protects you from fire.
 G - a +0 ring mail of willpower
 J - a +1 buckler of reflection (worn)
 K - a +0 cloak (worn)
Jewellery
 e - a +6 ring of dexterity (left hand)
 f - an amulet of the acrobat (around neck)
Wands
 m - a wand of flame (23)
 o - a wand of iceblast (10)
 q - a wand of charming (9)
Scrolls
 d - 7 scrolls of teleportation
 s - a scroll of butterflies
 E - a scroll of blinking
 F - 2 scrolls of poison
 L - a scroll of fear
Potions
 i - 2 potions of cancellation
 j - a potion of might {unknown}
 l - a potion of resistance
 n - 7 potions of attraction
 p - 2 potions of heal wounds
 r - a potion of ambrosia {unknown}
 t - 2 potions of brilliance {unknown}
 z - a potion of lignification {unknown}
 A - 2 potions of flight
 B - a potion of haste


   Skills:
 * Level 11.0 Fighting
 * Level 10.8 Maces & Flails
 - Level 5.0 Throwing
 * Level 10.6 Armour
 * Level 8.2 Dodging
 - Level 5.0 Stealth
 - Level 5.0 Shields
 - Level 5.0 Evocations


You had 12 spell levels left.
You didn't know any spells.
Your spell library was empty.

Dungeon Overview and Level Annotations

Branches:
Dungeon (13/15)            Temple (1/1) D:5            Lair (2/5) D:9
    Orc (0/2) D:11
  Swamp: Lair:2-3    Shoals: Lair:2-3     Snake: Lair:2-3    Spider: Lair:2-3
 Vaults: D:13-14

Altars:
Ashenzari
Cheibriados
Dithmenos
Elyvilon
Fedhas
Gozag
Hepliaklqana
Kikubaaqudgha
Makhleb
Nemelex Xobeh
Okawaru
Qazlal
Ru
Sif Muna
Trog
Uskayaw
Vehumet
Wu Jian
Xom
Yredelemnul
Zin
The Shining One

Shops:
D:1 !   D:2 *   D:6 [   D:7 !

Annotations:
D:12 Azrael
Lair:2 Gastronok, Urug


Innate Abilities, Weirdness & Mutations

You are immune to sickness and miasma.
Your stone body is resilient. (AC +9)
You are immune to poison.
You resist negative energy. (rN+)
You are resistant to electric shocks. (rElec)
You are resistant to unholy torment.
You are immune to petrification.


Message History

You can no longer call in reinforcements.
The hell hound barely misses you. The hell hound closely misses you.
You puncture the hell hound!
You kill the hell hound!
Trog accepts your kill. Azrael gestures at you.
The fireball explodes!
The fireball engulfs you! You resist.
You hit Azrael.
Azrael is lightly wounded.
Azrael gestures at you.
Your +1 buckler of reflection blocks the sticky flame... and reflects it back!
The sticky flame hits Azrael.
Azrael completely resists.
Azrael is covered in liquid flames!
You sock Azrael!
Azrael is lightly wounded.
Azrael gestures at you.
Your +1 buckler of reflection blocks the sticky flame... and reflects it back!
The sticky flame hits Azrael.
Azrael completely resists.
Azrael is covered in liquid flames!
Azrael hits you with a +3 scimitar of flaming.
You impale Azrael!!
Azrael is heavily wounded.
Azrael hits you but does no damage.
You puncture Azrael!
Azrael is severely wounded.
Azrael barely misses you.
Azrael screams, "Burn!
Burn!
All of it must BURN!"
Azrael gestures at you. The bolt of fire misses you.
You completely miss Azrael.
Azrael is severely wounded.
Azrael gestures at you. The sticky flame misses you.
You hit Azrael.
Azrael is severely wounded.
You block Azrael's attack. Azrael gestures at you.
The sphere of damnation explodes!
The damnation engulfs you!!!
Ouch! That really hurt!
You die...

.............#
#####
.........$...#
[...#
........<....#
....#
.............#
....##..
.............+
.......#
....○.....○..#
....##
....○°...☼...#
.####
#######R###### ..#
#.@# #.### ####)###
#...## #......#
###..# ####......#
####'## #..'......#
...>..###.##......#
......#...##......#
......#.####......+
......+.# #......#


You could see Azrael (burning).

Vanquished Creatures
  Kirke (D:12)
  3 two-headed ogres
  A tengu warrior (D:13)
  A boulder beetle (D:12)
  A death yak (Lair:1)
  Sonja (D:10)
  Pikel (D:9)
  2 cyclopes
  2 deep elf pyromancers (D:12)
  A black mamba (Lair:1)
  A torpor snail (Lair:1)
  2 cane toads (Lair:1)
  2 rime drakes
  8 komodo dragons
  A tengu conjurer (D:13)
  4 trolls
  6 hornets (Lair:1)
  4 blink frogs (Lair:1)
  3 shadows
  15 yaks
  A wyvern (Lair:2)
  4 fire elementals (D:12)
  A steam dragon (D:9)
  7 vampire mosquitoes (D:12)
  An acid dragon (D:11)
  5 water moccasins
  4 hell hounds (D:12)
  2 orc warriors (D:10)
  3 ice beasts
  2 wolves (D:9)
  An ogre (D:5)
  A centaur (D:5)
  4 lemures (D:8)
  6 phantoms
  A kobold brigand (D:8)
  3 bullfrogs
  4 scorpions
  A gnoll sergeant (D:5)
  A troll zombie (D:11)
  3 jellies
  3 wights (D:9)
  18 killer bees
  2 howler monkeys (D:7)
  A hound (D:5)
  8 orc priests
  A gnoll bouda (D:7)
  6 iguanas
  3 sleepcaps
  Terence (D:3)
  8 orc wizards
  5 ogre zombies (D:11)
  8 adders
  7 gnolls
  A shadow imp (D:7)
  A white imp (D:6)
  2 dart slugs
  27 orcs
  4 ball pythons
  7 bats
  3 endoplasms (D:2)
  11 giant cockroaches (D:3)
  3 goblins
  4 hobgoblins
  3 jackals
  16 kobolds
  5 quokkas
  A frilled lizard (D:2)
  A goblin skeleton (D:11)
  2 hobgoblin skeletons (D:11)
  4 hobgoblin zombies (D:11)
  3 orc skeletons (D:11)
  8 orc zombies (D:11)
  6 rats
298 creatures vanquished.

Vanquished Creatures (collateral kills)
  A tengu warrior (D:13)
  2 kobold demonologists (D:13)
  3 kobolds (D:13)
6 creatures vanquished.

Vanquished Creatures (others)
  2 fungi (Lair:1)
  A plant (Lair:2)
  2 toadstools (D:3)
5 creatures vanquished.

Grand Total: 309 creatures vanquished

Notes
Turn   | Place    | Note
-------+----------+-------------------------------------------
     0 | D:1      | Borgoz the Gargoyle Berserker began the quest for the Orb.
     0 | D:1      | Reached XP level 1. HP: 14/14 MP: 1/1
   163 | D:1      | Reached XP level 2. HP: 19/19 MP: 2/2
   360 | D:1      | Found Umnich's Distillery.
   425 | D:1      | Found a faded altar of an unknown god.
   734 | D:2      | Reached XP level 3. HP: 17/23 MP: 3/3
   969 | D:2      | Reached ** piety under Trog
  1042 | D:2      | Reached XP level 4. HP: 21/29 MP: 4/4
  1135 | D:2      | Found Taeqauhu's General Store.
  1813 | D:3      | Found a shadowy altar of Dithmenos.
  1813 | D:3      | Found a bloodstained altar of Trog.
  1813 | D:3      | Found a sacrificial altar of Ru.
  1819 | D:3      | Found an ancient bone altar of Kikubaaqudgha.
  1873 | D:3      | Noticed Terence
  1888 | D:3      | Killed Terence
  1889 | D:3      | Reached skill level 4 in Fighting
  1977 | D:3      | Found a broken altar of Ashenzari.
  2085 | D:3      | Reached XP level 5. HP: 28/33 MP: 5/5
  2868 | D:4      | Reached XP level 6. HP: 23/39 MP: 6/6
  3338 | D:5      | Entered Level 5 of the Dungeon
  3478 | D:5      | Reached skill level 5 in Maces & Flails
  3553 | D:5      | Found a sparkling altar of Nemelex Xobeh.
  3591 | D:5      | Reached XP level 7. HP: 5/44 MP: 7/7
  3671 | D:5      | Reached skill level 5 in Fighting
  3680 | D:5      | Found a staircase to the Ecumenical Temple.
  4003 | D:5      | Reached XP level 8. HP: 47/50 MP: 8/8
  4473 | D:6      | Found Esual's Armour Shoppe.
  4557 | D:6      | Reached skill level 5 in Armour
  4557 | D:6      | Reached skill level 1 in Stealth
  4635 | D:6      | Reached skill level 1 in Throwing
  4635 | D:6      | Reached skill level 1 in Shields
  4636 | D:6      | Reached skill level 6 in Fighting
  4711 | D:6      | Reached skill level 1 in Evocations
  5150 | D:7      | Reached XP level 9. HP: 53/56 MP: 9/9
  5373 | D:7      | Found Kaoboos's Distillery.
  5564 | D:7      | Reached *** piety under Trog
  6167 | Temple   | Entered the Ecumenical Temple
  7151 | D:9      | Noticed Pikel
  7251 | D:8      | Reached skill level 7 in Fighting
  7338 | D:9      | Killed Pikel
  7339 | D:9      | Reached skill level 5 in Dodging
  7339 | D:9      | Reached XP level 10. HP: 60/63 MP: 10/10
  7915 | D:9      | Found a staircase to the Lair.
  8156 | D:9      | Reached skill level 8 in Fighting
  8486 | Lair:1   | Entered Level 1 of the Lair of Beasts
  8662 | Lair:1   | Noticed a cane toad
  8676 | Lair:1   | Killed a cane toad
  8677 | Lair:1   | Reached XP level 11. HP: 65/69 MP: 11/11
  9134 | Lair:1   | Reached skill level 5 in Stealth
  9488 | Lair:1   | Reached skill level 9 in Fighting
  9965 | Lair:2   | Noticed Urug
  9965 | Lair:2   | Noticed Gastronok
 10006 | Lair:2   | Noticed a death yak
 10039 | Lair:1   | Killed a death yak
 10040 | Lair:1   | Reached skill level 5 in Shields
 10429 | D:10     | Entered Level 10 of the Dungeon
 10498 | D:10     | Noticed a two-headed ogre
 10519 | D:10     | Killed a two-headed ogre
 10520 | D:10     | Reached XP level 12. HP: 59/77 MP: 12/12
 10695 | D:10     | Noticed Sonja
 10715 | D:10     | Killed Sonja
 10758 | D:10     | Noticed a two-headed ogre
 10772 | D:10     | Killed a two-headed ogre
 11346 | D:11     | Reached **** piety under Trog
 11349 | D:11     | Found a staircase to the Orcish Mines.
 11459 | D:11     | Identified the +0 leather armour of the Northern Lights
                  | {rF++}
 11589 | D:11     | Noticed a two-headed ogre
 11608 | D:11     | Killed a two-headed ogre
 11609 | D:11     | Reached skill level 10 in Fighting
 12189 | D:12     | Reached skill level 10 in Maces & Flails
 12351 | D:12     | You fall into a shaft and drop 1 floor!
 12390 | D:13     | Noticed a tengu warrior
 12405 | D:13     | Killed a tengu warrior
 12505 | D:13     | Reached skill level 5 in Throwing
 12691 | D:13     | Noticed a tengu warrior
 12717 | D:13     | Killed a tengu warrior
 12718 | D:13     | Reached skill level 10 in Armour
 12723 | D:13     | Noticed a sun demon
 13005 | D:12     | Reached skill level 5 in Evocations
 13058 | D:12     | Noticed a boulder beetle
 13077 | D:12     | Killed a boulder beetle
 13257 | D:12     | Noticed Kirke
 13270 | D:12     | Killed Kirke
 13271 | D:12     | Reached XP level 13. HP: 84/84 MP: 13/13
 13391 | D:12     | Noticed Azrael
 13428 | D:12     | Reached skill level 11 in Fighting
 13453 | D:12     | Killed from afar by Azrael

Illustrated notes

Levels and vault maps discovered:
D:1:      dpeg_arrival_oval, layout_basic, serial_shops,
          nicolae_shop_rolling_square, basic_ecumenical_altar,
          corexii_corridor_pit
D:2:      layout_loops_cross, serial_shops,
          nicolae_shop_competitors_out_of_business
D:3:      minmay_roachtagon, layout_loops_ring, lemuel_tele_altar,
          grunt_temple_overflow_cloverleaf, serial_aquarium,
          aquarium_bridge_straight [aquarium_subvault_bridge,
          aquarium_subvault_wall, aquarium_subvault_bridge,
          aquarium_subvault_window], aquarium_window_fake,
          aquarium_window_corridor_1, aquarium_view_2c, aquarium_view_2e,
          aquarium_pool_corner, hex_medium, minmay_gold_behind_fungi,
          kennysheep_generic_room_12, uniq_terence
D:4:      layout_loops_ring, item_on_display_a
D:5:      layout_gridville, nemelex_xobeh_ov_fountains_minmay,
          minmay_temple_entry_overgrown
D:6:      layout_basic, serial_shops, nicolae_shop_statue_plus, serial_curves,
          eino_curves_03, eino_curves_02, eino_curves_04, eino_curves_02
D:7:      layout_loops_corners, nicolae_take_the_stairs
D:8:      layout_rooms
D:9:      layout_gridville, hellmonk_lair_entry_icy, uniq_pikel
D:10:     layout_roguey, uniq_sonja
D:11:     layout_loops_ring, zombieorc1_lemuel, minmay_strange_pillars
D:12:     layout_roguey, uniq_azrael, uniq_kirke
D:13:     layout_basic, grunt_vaults_entry_fortified, minmay_circle_x
Temple:   nicolae_temple_bog_church
Lair:1:   layout_loops_ring, chequers_serial_rivers_marsh, dreamdust_wasp_nest
Lair:2:   layout_cave_pods, shoals_dummy_entry, serial_bayou_shore_a,
          lemuel_fruit_tree, grunt_megastairs_4, infiniplex_staircase_pool,
          serial_bayou_shore_b, uniq_urug, uniq_gastronok

Skill      XL: |  1  2  3  4  5  6  7  8  9 10 11 12 13 |
---------------+----------------------------------------+-----
Dodging        | 2 3 4 5 6 8 |  8.2
Fighting       | 4 5 6 7 8 9 10 11 | 11.0
Maces & Flails | 4 5 6 7 8 9 10 | 10.8
Armour         | 3 4 5 6 7 9 10 | 10.6
Stealth        | 2 3 4 5 |  5.0
Throwing       | 1 2 3 4 5 |  5.0
Shields        | 1 3 4 5 |  5.0
Evocations     | 1 2 3 4 5 |  5.0

Action                     |  1- 3 |  4- 6 |  7- 9 | 10-12 | 13-15 || total
---------------------------+-------+-------+-------+-------+-------++-------
  Melee: Mace              |   109 |   158 |       |       |       ||   267
         Punch             |     2 |     2 |       |       |       ||     4
         Flail             |       |    18 |   138 |   471 |       ||   627
         Morningstar       |       |       |   176 |    82 |    55 ||   313
         Dire flail        |       |       |       |   194 |       ||   194
  Throw: Throwing net      |       |       |       |     2 |       ||     2
         Javelin           |       |       |       |     1 |       ||     1
         Dart              |       |       |       |    14 |       ||    14
 Invoke: Berserk           |     4 |     3 |    12 |    17 |     1 ||    37
         Trog's Hand       |       |     1 |     2 |     6 |     1 ||    10
         Brothers in Arms  |       |       |       |     2 |       ||     2
  Evoke: Wand              |       |       |     2 |       |       ||     2
    Use: Scroll            |     1 |     6 |    10 |    10 |     1 ||    28
         Potion            |       |       |       |     7 |     1 ||     8
   Stab: Sleeping          |     1 |       |       |     8 |       ||     9
         Held in net/web   |       |       |       |     1 |       ||     1
 Armour: Animal skin       |    51 |     3 |       |       |       ||    54
         Scale mail        |       |   124 |   247 |    29 |       ||   400
         Steam dragon scal |       |       |       |   372 |       ||   372
         Leather armour    |       |       |       |    92 |    22 ||   114
  Dodge: Dodged            |    96 |   138 |   257 |   825 |    32 ||  1348
  Block: Buckler           |       |       |    61 |   236 |    23 ||   320
         Reflection        |       |       |       |       |     2 ||     2
